 Dungeon Crawl Stone Soup version 0.27.1-1-g398f81649c (webtiles) character file.

Game seed: 12707547588350994448

798 ZARRMARR the Fighter (level 7, 0/57 HPs)
             Began as an Octopode Conjurer on Sept 10, 2021.
             Slain by an ogre (33 damage)
             ... on level 4 of the Dungeon.
             The game lasted 00:18:26 (6553 turns).

ZARRMARR the Fighter (Octopode Conjurer)            Turns: 6553, Time: 00:18:30

Health: 0/57       AC:  1    Str:  7    XL:     7   Next: 90%
Magic:  9/12       EV: 17    Int: 22    God:
Gold:   207        SH:  4    Dex: 10    Spells: 12/13 levels left

rFire    . . .     SeeInvis .   m - +0 dagger (flame)
rCold    . . .     Faith    .   e - +0 buckler
rNeg     + . .     Spirit   .   (helmet restricted)
rPois    +         Reflect  .   l - amulet of regeneration
rElec    .         Harm     .   c - ring of poison resistance
rCorr    .         Rampage  .   a - +4 ring of evasion
Will     .....                  b - ring of Geul {Fly rN+}
Stlth    ++++......             (no ring)
HPRegen  1.19/turn              (no ring)
MPRegen  0.13/turn              (no ring)
                                (no ring)
                                (no ring)

@: flying
A: almost no armour, amphibious, 8 rings, camouflage 1, gelatinous body 1,
(nimble swimmer 1), tentacles
a: no special abilities


You were on level 4 of the Dungeon.
You visited 1 branch of the dungeon, and saw 5 of its levels.

You collected 207 gold pieces.

Inventory:

Hand Weapons
 m - a +0 dagger of flaming (weapon)
Armour
 e - a +0 buckler (worn)
Jewellery
 a - a +4 ring of evasion (right tentacle)
 b - the ring of Geul (on tentacle) {Fly rN+}
   (You acquired it on level 2 of the Dungeon)

   [ring of flight]

   rN:        It protects you from negative energy.
   Fly:       It grants you flight.
 c - a ring of poison resistance (left tentacle)
 l - an amulet of regeneration (around mantle)
Scrolls
 d - a scroll of brand weapon
 f - a scroll of enchant weapon {unknown}
 i - 2 scrolls of amnesia
 p - a scroll of silence {unknown}
 q - 3 scrolls of holy word
Potions
 g - a potion of lignification {unknown}
 h - a potion of haste {unknown}
 j - a potion of mutation {unknown}
 k - 2 potions of resistance {unknown}
 n - a potion of heal wounds {unknown}
 o - a potion of attraction {unknown}
 r - a potion of might {unknown}
 s - a potion of curing {unknown}
 t - a potion of degeneration {unknown}


   Skills:
 + Level 9.6 Fighting
 + Level 3.6 Dodging
 + Level 5.2 Stealth
 + Level 2.2 Shields
 + Level 3.5 Spellcasting
 - Level 4.0 Conjurations


You had 12 spell levels left.
You knew the following spells:

 Your Spells              Type           Power      Damage    Failure   Level
a - Magic Dart            Conj           84%        1d7       2%          1

Your spell library contained the following spells:

 Spells                   Type           Power      Damage    Failure   Level
 Searing Ray              Conj           42%        3d4       4%          2
 Animate Skeleton         Necr           6%         N/A       14%         1
 Apportation              Tloc           6%         N/A       14%         1
 Corona                   Hex            3%         N/A       14%         1
 Freeze                   Ice            12%        1d4       14%         1
 Summon Small Mammal      Summ           12%        N/A       14%         1
 Dazzling Flash           Conj/Hex       24%        N/A       19%         3
 Frozen Ramparts          Ice            6%         1d2       41%         3
 Fulminant Prism          Conj/Hex       6%         3d7       54%         4
 Hailstorm                Conj/Ice       12%        3d5       54%         4
 Iskenderun's Mystic Bla  Conj/Tloc      12%        2d5       54%         4
 Iskenderun's Battlesphe  Conj           21%        2d7       61%         5
 Iron Shot                Conj/Erth      6%         9d2       100%        6
 Spellforged Servitor     Conj/Summ      6%         N/A       100%        7


Dungeon Overview and Level Annotations

Branches:
Dungeon (5/15)
 Temple: D:4-7

Altars:
Cheibriados
Dithmenos
Fedhas
Hepliaklqana
Qazlal
Wu Jian
Xom

Shops:
D:5 (

Annotations:
D:4 exclusion: downstairs
D:5 Edmund


Innate Abilities, Weirdness & Mutations

You cannot wear most types of armour.
You are amphibious.
You can wear up to eight rings at the same time.
Your skin changes colour to match your surroundings (Stealth+).
Your rubbery body absorbs attacks. (AC +1, EV +1)
((You are camouflaged near water. (Stealth+)))
You have tentacles for arms and can constrict up to eight enemies at once.


Message History

Confirm with . or Enter, or press ? or * to list all spells.
Aiming: Magic Dart (safe; 2% risk of failure)
Press: ? - help, Shift-Dir - straight line, f/p - ogre
Aim: an ogre, wielding a +0 giant club (lightly wounded, 100% to hit)
The magic dart hits the ogre.
The ogre is moderately wounded.
Casting: Magic Dart (safe; 2% risk of failure)
Confirm with . or Enter, or press ? or * to list all spells.
Aiming: Magic Dart (safe; 2% risk of failure)
Press: ? - help, Shift-Dir - straight line, f/p - ogre
Aim: an ogre, wielding a +0 giant club (moderately wounded, 100% to hit)
The magic dart hits the ogre.
The ogre is heavily wounded.
You hit the ogre. You burn the ogre.
The ogre is heavily wounded.
The ogre completely misses you.
You barely miss the ogre.
The ogre is heavily wounded.
The ogre misses you.
You fly upwards.
Level annotation: exclusion: downstairs
There is a stone staircase leading down here.
Casting: Magic Dart (safe; 2% risk of failure)
Confirm with . or Enter, or press ? or * to list all spells.
Aiming: Magic Dart (safe; 2% risk of failure)
Press: ? - help, Shift-Dir - straight line, f - ogre
Aim: an ogre, wielding a +0 giant club (heavily wounded, 100% to hit)
The magic dart hits the ogre.
The ogre is severely wounded.
The ogre hits you with a +0 giant club!!
Casting: Magic Dart (safe; 2% risk of failure)
Confirm with . or Enter, or press ? or * to list all spells.
Aiming: Magic Dart (safe; 2% risk of failure)
Press: ? - help, Shift-Dir - straight line, f/p - ogre
Aim: an ogre, wielding a +0 giant club (severely wounded, 100% to hit)
The magic dart hits the ogre.
The ogre is almost dead.
The ogre hits you with a +0 giant club!!
Ouch! That really hurt!
You die...

#### ###)......##.# #......####
#.##.#..##.# ##)..###
#.##.#..##.# #...#
########.##.......# #...#
#.....##.####..#######...######
#.....##.###...##.............#
#[.......##........(.)........#
#.....#####..O.##........)....#
#.....# #...@##.####.#)####.#
####### #..####.##...#.>[##.#
#..####.##.#####.##.#
#############.......##...#...##..
...............#########.#.######
.#####.######### ##.....[.# #
....##(# ##..#.#.#.## .##....#
##....###.#.### .#####.#
#####........###...


You could see an ogre.

Vanquished Creatures
  2 water moccasins (D:5)
  A black bear (D:5)
  A scorpion (D:4)
  An orc priest (D:5)
  A gnoll shaman (D:4)
  A bullfrog skeleton (D:5)
  Natasha (thrice) (D:2)
  An iguana (D:5)
  An orc wizard (D:5)
  Robin (D:4)
  6 adders
  5 gnolls
  3 worms
  A dart slug (D:4)
  3 orcs
  3 endoplasms
  4 giant cockroaches
  18 goblins
  8 hobgoblins
  4 jackals (D:3)
  4 ball pythons
  A bat (D:1)
  5 frilled lizards
  A kobold (D:1)
  2 rats
81 creatures vanquished.

Vanquished Creatures (others)
  3 plants (D:2)
3 creatures vanquished.

Grand Total: 84 creatures vanquished

Notes
Turn   | Place    | Note
-------+----------+-------------------------------------------
     0 | D:1      | ZARRMARR the Octopode Conjurer began the quest for the Orb.
     0 | D:1      | Reached XP level 1. HP: 11/11 MP: 3/3
   167 | D:1      | Found a faded altar of an unknown god.
   312 | D:1      | Reached XP level 2. HP: 18/18 MP: 3/5
  1469 | D:2      | You fall into a shaft and drop 2 floors!
  1518 | D:3      | Reached skill level 9 in Fighting
  1518 | D:3      | Reached XP level 3. HP: 8/35 MP: 0/6
  1882 | D:3      | Found a stormy altar of Qazlal.
  1889 | D:3      | Reached XP level 4. HP: 41/41 MP: 3/7
  2426 | D:3      | Found a shadowy altar of Dithmenos.
  2426 | D:3      | Found an ornate altar of the Wu Jian Council.
  2426 | D:3      | Found a snail-covered altar of Cheibriados.
  2431 | D:3      | Found a blossoming altar of Fedhas.
  2431 | D:3      | Found a shimmering altar of Xom.
  2868 | D:2      | Noticed Natasha
  2875 | D:2      | Killed Natasha
  3083 | D:2      | Noticed Natasha
  3117 | D:2      | Killed Natasha
  3118 | D:2      | Reached XP level 5. HP: 46/46 MP: 2/8
  3231 | D:2      | Noticed Natasha
  3242 | D:2      | Killed Natasha
  3574 | D:2      | Identified a scroll of acquirement
  3575 | D:2      | Acquired the ring of Geul {Fly rN+}
  3799 | D:3      | Found a hazy altar of Hepliaklqana.
  4035 | D:4      | Reached XP level 6. HP: 51/52 MP: 0/10
  4175 | D:4      | Noticed Robin
  4407 | D:4      | Killed Robin
  5038 | D:4      | Reached skill level 1 in Shields
  5529 | D:5      | Entered Level 5 of the Dungeon
  5536 | D:5      | Noticed a black bear
  5539 | D:5      | Noticed a water moccasin
  5545 | D:5      | Killed a black bear
  5546 | D:5      | Reached XP level 7. HP: 55/57 MP: 5/11
  5911 | D:5      | Found Imnihes's Antique Weapon Shoppe.
  6227 | D:5      | Noticed Edmund
  6286 | D:5      | Reached skill level 5 in Stealth
  6553 | D:4      | Slain by an ogre

Illustrated notes

Levels and vault maps discovered:
D:1:      minmay_arrival_cross, layout_loops_corners,
          ebering_ecumenical_altar_box, st_stairs_5, minivault_5
D:2:      layout_basic, chequers_big_river, uniq_natasha
D:3:      layout_loops_ring, grunt_dithmenos_smoke,
          mainiacjoe_overflow_tiny_flanked, grunt_temple_overflow_open,
          general_overflow_altar, minmay_crystal_room
D:4:      layout_loops_cross, moated_statue, uniq_robin
D:5:      layout_basic, minmay_temple_entry_from_below_a,
          nicolae_take_the_stairs, hangedman_abyss_or_decor_passed, uniq_edmund

Skill      XL: |  1  2  3  4  5  6  7 |
---------------+----------------------+-----
Stealth        | 3 4 5 |  5.2
Fighting       | 9 |  9.6
Shields        | 1 2 |  2.2
Dodging        | 3 |  3.6
Spellcasting   | 3 |  3.5
Conjurations   | |  4.0

Action                   |  1- 3 |  4- 6 |  7- 9 || total
-------------------------+-------+-------+-------++-------
Melee: Unarmed           |     7 |    22 |       ||    29
       Constrict         |     3 |     7 |     4 ||    14
       Tentacles         |     2 |     4 |     2 ||     8
       Dagger            |       |    26 |    28 ||    54
 Cast: Magic Dart        |    40 |   164 |    44 ||   248
  Use: Scroll            |     1 |     5 |     1 ||     7
       Potion            |     1 |       |       ||     1
 Stab: Sleeping          |     1 |     1 |       ||     2
Armor: Skin              |     1 |       |     1 ||     2
Dodge: Dodged            |    14 |    44 |    33 ||    91
Block: Buckler           |       |     8 |     4 ||    12
